 Dungeon Crawl Stone Soup version 0.29.0-4-gdea44cf6ec (webtiles) character file.

Game seed: 7976770063281138108

43 qw the Sneak (level 3, 0/28 HPs)
             Began as a Ghoul Enchanter on Sept 5, 2022.
             Slain by a gnoll
             ... wielding a +0 flail
              (5 damage)
             ... on level 2 of the Dungeon.
             The game lasted 00:00:44 (1331 turns).

qw the Sneak (Ghoul Enchanter)                      Turns: 1331, Time: 00:00:45

Health: 0/28       AC:  7    Str: 13    XL:     3   Next: 58%
Magic:  4/4        EV: 10    Int: 10    God:
Gold:   114        SH:  0    Dex:  9    Spells: 5/5 levels left

rFire   . . .      SeeInvis .     - Unarmed
rCold   + . .      Faith    .   (no shield)
rNeg    + + +      Spirit   .   e - +1 ring mail "Tepaov" {rCorr}
rPois   inf        Reflect  .   h - +0 helmet
rElec   .          Harm     .   (no cloak)
rCorr   +          Rampage  .   (no gloves)
Will    .....                   (no boots)
Stlth   +.........              (no amulet)
HPRegen 0.00/turn               (no ring)
MPRegen 0.09/turn               (no ring)

@: inhibited regen
A: claws 1, cold resistance 1, negative energy resistance 3, inhibited
regeneration, torment resistance 2, devour on kill
a: no special abilities


You were on level 2 of the Dungeon.
You visited 1 branch of the dungeon, and saw 2 of its levels.

You collected 114 gold pieces.


Innate Abilities, Weirdness & Mutations

You are immune to poison.
You have sharp fingernails.
Your flesh is cold resistant. (rC+)
You are immune to negative energy. (rN+++)
You do not regenerate when monsters are visible.
You are immune to unholy pain and torment.
You thrive by killing the living.


   Skills:
 - Level 1.0 Fighting
 - Level 0.8 Short Blades
 - Level 1.7 Dodging
 - Level 3.2 Stealth
 + Level 3.1 Unarmed Combat
 - Level 1.7 Spellcasting
 - Level 2.4 Hexes


You had 5 spell levels left.
You didn't know any spells.
Your spell library contained the following spells:

 Spells                   Type           Power      Damage    Failure   Level
 Ensorcelled Hibernation  Hex/Ice        6%         N/A       54%         2
 Confusing Touch          Hex            5%         N/A       61%         3
 Tukima's Dance           Hex            5%         N/A       61%         3
 Dazzling Flash           Conj/Hex       6%         N/A       78%         3

Inventory:

Armour
 b - a +0 scale mail
 e - the +1 ring mail "Tepaov" (worn) {rCorr}
   (You found it on level 2 of the Dungeon)

   rCorr:     It protects you from acid and corrosion.
 h - a +0 helmet (worn)
Scrolls
 d - a scroll of poison {unknown}
 f - a scroll of enchant weapon
Potions
 a - a potion of magic {unknown}
 c - a potion of mutation {unknown}
 i - a potion of curing {unknown}

Dungeon Overview and Level Annotations

Branches:
Dungeon (2/15)

Altars:

Shops:
D:1 (


Message History

You open the door.
There is an open door here.
Found a worn bone wand.
d - a scroll labelled VAWYOV DOYWERGH You now have 114 gold pieces (gained 13).
A gnoll is nearby!
The gnoll shouts!
You scratch the gnoll.
The gnoll is lightly wounded.
You hear a shout!
The gnoll hits you but does no damage.
You scratch the gnoll but do no damage.
The gnoll is lightly wounded.
The gnoll hits you with a +0 flail.
You barely miss the gnoll.
The gnoll is lightly wounded.
The gnoll hits you with a +0 flail.
You claw the gnoll!
The gnoll is severely wounded.
The gnoll hits you with a +0 flail.
You closely miss the gnoll.
The gnoll is severely wounded.
You hear a shout!
The gnoll hits you with a +0 flail.
A gnoll comes into view. It is wielding a +0 whip.
You scratch the gnoll.
The gnoll is almost dead.
1327 ||| Stepping ~*~*~tactically~*~*~ (outnumbered).
The gnoll throws a throwing net.
The throwing net closely misses you.
You closely miss the gnoll.
The gnoll is almost dead.
The gnoll barely misses you.
You scratch the gnoll.
The gnoll is almost dead.
The gnoll hits you with a +0 flail!
1330 ||| Stepping ~*~*~tactically~*~*~ (outnumbered).
You see here a throwing net.
1331 ||| Stepping ~*~*~tactically~*~*~ (outnumbered).
The gnoll attacks as you move away! The gnoll hits you with a +0 flail.
You die...

....'.# #.
....### #.. ....#
## .. ######
+#### ...##'#
#....#
.......#####....#
...........#....#
#....#....### ###
#.gg.#......# #.#
#.@..####...###
#.#
###.....'...+.#
#.#
##...##...#.###.#
#........)......
#...##########.#
#../# #....
#...#### ###.#
#......## #.#
#..###..#### #.#


You could see 2 gnolls.

Vanquished Creatures
  An adder (D:2)
  A gnoll (D:2)
  4 bats
  2 endoplasms (D:1)
  3 giant cockroaches (D:1)
  A goblin (D:1)
  3 hobgoblins
  2 kobolds (D:1)
  5 ball pythons
  2 frilled lizards (D:1)
  2 rats
26 creatures vanquished.

Vanquished Creatures (others)
  2 plants (D:2)
2 creatures vanquished.

Grand Total: 28 creatures vanquished

Notes
Turn   | Place    | Note
-------+----------+-------------------------------------------
     0 | D:1      | qw the Ghoul Enchanter began the quest for the Orb.
     0 | D:1      | Reached XP level 1. HP: 14/14 MP: 2/2
     0 | D:1      | 0 ||| qw: Version: 0.1-a-104-g96f76f8
     0 | D:1      | 0 ||| qw: Game counter: 6019
     0 | D:1      | 0 ||| qw: Always use a shield: true
     0 | D:1      | 0 ||| qw: God list: Okawaru
     0 | D:1      | 0 ||| qw: Allow faded altars: false
     0 | D:1      | 0 ||| qw: Do Orc after D:15 true
     0 | D:1      | 0 ||| qw: Do second Lair branch before Depths: true
     0 | D:1      | 0 ||| qw: Lair rune preference: random
     0 | D:1      | 0 ||| qw: Plans: Normal
     0 | D:1      | 0 ||| PLANNING D:1-11
     1 | D:1      | 1 ||| DROPPING +1 dagger.
    78 | D:1      | Reached skill level 1 in Unarmed Combat
    97 | D:1      | 97 ||| Stepping ~*~*~tactically~*~*~ (stealth).
   101 | D:1      | 101 ||| Stepping ~*~*~tactically~*~*~ (stealth).
   102 | D:1      | 102 ||| Stepping ~*~*~tactically~*~*~ (stealth).
   103 | D:1      | 103 ||| Stepping ~*~*~tactically~*~*~ (stealth).
   111 | D:1      | 111 ||| Stepping ~*~*~tactically~*~*~ (stealth).
   114 | D:1      | 114 ||| Stepping ~*~*~tactically~*~*~ (stealth).
   126 | D:1      | You fall into a shaft and drop 1 floor!
   204 | D:2      | Identified the +1 ring mail "Tepaov" {rCorr}
   219 | D:2      | Reached skill level 1 in Fighting
   219 | D:2      | Reached XP level 2. HP: 20/23 MP: 3/3
   290 | D:2      | 290 ||| Stepping ~*~*~tactically~*~*~ (stealth).
   374 | D:2      | 374 ||| Stepping ~*~*~tactically~*~*~ (stealth).
   415 | D:2      | 415 ||| UPGRADING to +0 leather armour.
   425 | D:2      | 425 ||| DROPPING +0 robe.
   426 | D:2      | 426 ||| UPGRADING to +1 ring mail "Tepaov" {rCorr}.
   441 | D:2      | 441 ||| DROPPING +0 leather armour.
   442 | D:2      | 442 ||| READING scroll labelled IBOMEL FENILE.
   443 | D:2      | 443 ||| DROPPING 2 potions of invisibility.
   447 | D:2      | Found a faded altar of an unknown god.
   474 | D:1      | Found Heutiygo's Antique Weapon Boutique.
   811 | D:1      | 811 ||| Stepping ~*~*~tactically~*~*~ (stealth).
   812 | D:1      | 812 ||| Stepping ~*~*~tactically~*~*~ (stealth).
  1062 | D:1      | Reached XP level 3. HP: 28/28 MP: 4/4
  1066 | D:1      | 1066 ||| UPGRADING to +0 helmet.
  1071 | D:1      | 1071 ||| READING scroll labelled UXKOPH DUXIA.
  1072 | D:1      | 1072 ||| READING 2 scrolls labelled VEDDUQ AWKOROCA.
  1073 | D:1      | 1073 ||| READING scroll labelled NUDALE MUCRA.
  1074 | D:1      | 1074 ||| READING scroll labelled VAGUOZ TESIUGH.
  1099 | D:2      | 1099 ||| Stepping ~*~*~tactically~*~*~ (stealth).
  1115 | D:2      | 1115 ||| FLEEEEING.
  1116 | D:2      | 1116 ||| FLEEEEING.
  1117 | D:2      | 1117 ||| FLEEEEING.
  1118 | D:2      | 1118 ||| FLEEEEING.
  1122 | D:2      | 1122 ||| STAIRDANCE
  1190 | D:2      | Reached skill level 3 in Unarmed Combat
  1237 | D:2      | 1237 ||| Stepping ~*~*~tactically~*~*~ (stealth).
  1327 | D:2      | 1327 ||| Stepping ~*~*~tactically~*~*~ (outnumbered).
  1329 | D:2      | HP: 5/28 [gnoll/+0 flail (8)]
  1330 | D:2      | 1330 ||| Stepping ~*~*~tactically~*~*~ (outnumbered).
  1331 | D:2      | 1331 ||| Stepping ~*~*~tactically~*~*~ (outnumbered).
  1331 | D:2      | Slain by a gnoll

Levels and vault maps discovered:
D:1:      minmay_arrival_shoal_huts, layout_loops_ring, serial_shops,
          nicolae_shop_crystal, minmay_misc_feat_doors
D:2:      layout_basic, shapermc_ecumenical_altar_rom_forum, uniq_jessica

Skill      XL: |  1  2  3 |
---------------+----------+-----
Unarmed Combat | 1 2 3 |  3.1
Fighting       | 1 |  1.0
Short Blades   | |  0.8
Dodging        | |  1.7
Stealth        | |  3.2
Spellcasting   | |  1.7
Hexes          | |  2.4

Action                   || total
-------------------------++-------
Melee: Unarmed           ||   116
  Use: Scroll            ||     5
Armor: Robe              ||     4
       Ring mail         ||    29
Dodge: Dodged            ||    65

Table legend:
 A = Non-vault XP
 B = Vault XP
 C = Vault XP percentage of total XP
 D = Non-vault monster count
 E = Vault monster count
 F = Vault count percentage of total count
                 A         B        C        D         E       F
            +---------+---------+-------+---------+---------+-------
      Total |      62 |       0 |   0.0 |      26 |       0 |   0.0
            +---------+---------+-------+---------+---------+-------
        D:1 |      26 |       0 |   0.0 |      17 |       0 |   0.0
        D:2 |      36 |       0 |   0.0 |       9 |       0 |   0.0
            +---------+---------+-------+---------+---------+-------
